Map: Mundo Adormecido LE

Players

LowLinK - Winner!

  • Race: Protoss Protoss
  • League: Diamond
  • Spawn Location: 7:00

GEANTOR

  • Race: Terran Terran
  • League: Diamond
  • Spawn Location: 1:00

VOD

Have the link to the VOD?

Description

Time

  • Played on: Feb. 20, 2020, 12:05 p.m.
  • Length: 6:51
Show
View Real Time Build Order
Export as new Build Order

LowLinK Protoss - Winner!

Build Orders:  

Get SALT Encoding   

  12  0:00  Probe  
  13  0:12  Probe  
  14  0:17  Pylon  
  14  0:25  Probe  
  15  0:35  Gateway  
  15  0:37  Probe (Chrono Boost)  
  16  0:47  Probe (Chrono Boost), Assimilator  
  17  0:52  Probe (Chrono Boost)  
  17  0:56  Assimilator  
  18  1:04  Probe  
  19  1:16  Probe  
  20  1:21  Pylon  
  20  1:24  Cybernetics Core  
  20  1:28  Probe  
  21  1:40  Probe  
  22  1:50  Gateway  
  22  1:52  Probe  
  23  1:57  Warp Gate (Chrono Boost)  
  23  1:58  Pylon  
  23  2:17  Gateway  
  23  2:27  Gateway  
  23  2:28  Gateway  
  23  2:32  Pylon  
  23  2:57  Pylon  
  23  3:31  Sentry, Stalker x2  
  23  3:32  Stalker x2  
  33  3:54  Stalker x3  
  33  3:55  Stalker x2  
  33  4:21  Stalker x3  
  33  4:22  Sentry  
  41  4:32  Stalker  
  43  4:42  Stalker  
  43  4:44  Stalker  
  47  4:54  Adept  
  47  4:59  Stalker  
  43  5:23  Stalker x2  
  43  5:24  Stalker  
  40  5:41  Stalker  
  36  6:05  Stalker x3  
  36  6:07  Zealot  
  44  6:18  Stalker  
  44  6:30  Stalker x2  
Show
View Real Time Build Order
Export as new Build Order

GEANTOR Terran 

Build Orders: Gas First Reaper Expand 

Get SALT Encoding   

  12  0:01  SCV  
  13  0:13  SCV  
  14  0:18  Supply Depot  
  14  0:25  SCV  
  15  0:30  Refinery  
  15  0:40  SCV  
  16  0:44  Barracks  
  16  0:52  SCV  
  17  1:04  SCV  
  18  1:16  SCV  
  19  1:31  Orbital Command  
  19  1:32  Reaper  
  20  1:43  Command Center  
  20  1:56  Factory  
  20  1:58  SCV  
  21  2:05  Supply Depot  
  21  2:07  Barracks Reactor  
  21  2:11  SCV  
  22  2:23  SCV  
  23  2:35  SCV  
  24  2:47  SCV  
  24  2:55  Orbital Command  
  24  2:56  Bunker, Factory Tech Lab  
  24  2:58  Marine x2  
  26  3:00  SCV  
  26  3:02  Barracks  
  27  3:12  SCV  
  28  3:15  Marine  
  28  3:16  Marine  
  28  3:18  Barracks  
  30  3:20  Siege Tank  
  30  3:24  SCV  
  34  3:32  SCV  
  35  3:34  Marine x2  
  35  3:36  SCV  
  38  3:41  Engineering Bay  
  38  3:44  SCV  
  38  3:48  SCV  
  40  3:52  Marine  
  40  3:53  Barracks Tech Lab  
  41  4:00  Refinery  
  41  4:01  Siege Tank  
  40  4:19  SCV x2  
  40  4:22  Barracks Tech Lab  
  40  4:24  Marine x2, Marauder  
  44  4:31  Refinery  
  46  4:41  Supply Depot  
  46  4:42  Supply Depot  
  46  4:53  Concussive Shells  
  46  5:03  Marine x2, SCV x2, Marauder x2  
  46  5:06  Missile Turret  
  54  5:08  Missile Turret  
  54  5:11  Stimpack  
  54  5:15  SCV x2  
  54  5:20  Marine x2  
  51  5:27  SCV  
  31  5:45  Orbital Command  
  31  5:47  Marine  
  31  5:48  Marine x2, Marauder  
  34  5:50  Siege Tank  
  29  6:05  Marine x3  
  29  6:09  Marauder  
  27  6:23  Marine x2  
  27  6:24  Marauder  
  27  6:30  Marine  
Tags
 
Add a new tag
Caveats
  • Supply blocks, unpowered buildings, or Contaminate may cause inaccurate times.
  • Supply counts are checked every 10 seconds.